 Dungeon Crawl Stone Soup version 0.31.0-11-ge490571c62 (webtiles) character file.

Game seed: 8511077895733480189

52 Daunt the Sneak (level 3, 0/29 HPs)
             Began as a Human Delver on Jan 27, 2024.
             Slain by Crazy Yiuf
             ... wielding a +4 quarterstaff of chaos
              (1 damage)
             ... on level 2 of the Dungeon.
             The game lasted 00:04:00 (1185 turns).

Daunt the Sneak (Human Delver)                      Turns: 1185, Time: 00:04:01

Health: 0/29       AC:  3    Str: 12    XL:     3   Next: 85%
Magic:  3/3        EV: 12    Int: 10    God:
Gold:   82         SH:  0    Dex: 16    Spells: 2/2 levels left

rFire   + . .        a - +0 falchion
rCold   . . .        (no shield)
rNeg    . . .        b - +0 leather armour
rPois   .            (no helmet)
rElec   .            (no cloak)
rCorr   .            (no gloves)
SInv    .            (no boots)
Will    .....        (no amulet)
Stlth   +++          F - ring of protection from fire
HPRegen 0.24/turn    (no ring)
MPRegen 0.08/turn

%: no passive effects
@: no status effects
A: explore regen
a: no special abilities


You were on level 2 of the Dungeon.
You visited 1 branch of the dungeon, and saw 5 of its levels.

You collected 82 gold pieces.

Inventory:

Hand Weapons
 a - a +0 falchion (weapon)
 s - a +0 war axe
Missiles
 p - 29 stones (quivered)
Armour
 b - a +0 leather armour (worn)
 h - a +0 scale mail
 i - a +0 kite shield
Jewellery
 F - a ring of protection from fire (left hand)
Talismans
 d - a blade talisman
Wands
 g - a wand of digging (3)
Scrolls
 c - a scroll of fog
 e - 3 scrolls of fear
 j - a scroll of silence {unknown}
 m - a scroll of revelation
 n - a scroll of immolation {unknown}
 o - a scroll of identify {unknown}
Potions
 f - a potion of haste
 k - 2 potions of heal wounds {unknown}
 l - a potion of might {unknown}
 q - a potion of enlightenment {unknown}
 r - a potion of curing {unknown}


   Skills:
 - Level 3.0 Fighting
 + Level 4.0 Long Blades
 - Level 2.0 Dodging
 - Level 5.0 Stealth


You had 2 spell levels left.
You didn't know any spells.
Your spell library contained the following spells:

 Spells                   Type           Power      Damage    Failure   Level
 Alistair's Intoxication  Alch           0%         N/A       100%        5
 Borgnjor's Vile Clutch   Necr/Erth      0%         N/A       100%        5
 Eringya's Noxious Bog    Alch           0%         4d6       100%        6


Dungeon Overview and Level Annotations

Branches:
Dungeon (5/15)
 Temple: D:4-7

Altars:

Annotations:
D:2 Crazy Yiuf


Innate Abilities, Weirdness & Mutations

You regain HP and MP as you explore.


Message History

The ball python constricts you. The ball python bites you.
The ball python constricts you.
You hit the ball python.
The ball python is severely wounded.
The ball python bites you. The ball python constricts you.
You hit the ball python.
You kill the ball python!
You hit the goblin but do no damage. The goblin barely misses you.
You slash the goblin!
You kill the goblin!
No target in view!
No target in view!
No target in view!
e - 3 scrolls of fear (gained 1)
Things that are here:
a +0 dagger; a goblin corpse
Found a ring mail.
Found two hammers.
You see here a +0 hammer.
You see here a +0 hammer.
You see here a +0 hammer.
Found a hammer.
Found a runed translucent door.
Press: ? - help, v - describe, . - travel
Here: Crazy Yiuf, wielding a +4 quarterstaff of chaos and wearing a +0 cloak (asleep, fire blocked by a runed translucent door)
The floor.
Unknown command.
Unknown command.
You open the door.
Crazy Yiuf is nearby!
There is an open translucent door here.
Crazy Yiuf shouts!
You completely miss Crazy Yiuf.
Crazy Yiuf hits you with a +4 quarterstaff of chaos!
You barely miss Crazy Yiuf.
Crazy Yiuf says, "Hack sallow wrapper!"
Crazy Yiuf hits you with a +4 quarterstaff of chaos!
Ouch! That really hurt!
* * * LOW HITPOINT WARNING * * *
Crazy Yiuf burns you.
You die...

.......##### ♣..).♣
#.........## ##.........#
♣.).♣♣ #.##.......#
#.........# ♣♣.♣♣
#.##........ #...#.#####
♣.♣♣ #.##....†... #####.#
♣♣.♣ #######.#..# #.# ♣.♣♣
#.#..# #.# ♣♣.♣ ##.#..#
#.# ##'## #...).# #.#
#.@.# #...... #.# #.g.#
#.###.# #.# #..)# ## #.
#.# #.# ##### .. .. #.#
#.### .## #..
######[#.###### .# #.#
........#.#.#.# ####.# #.#
.#######.##.#.# #..<.# #.#
#.##.#.######.##########.#


You could see Crazy Yiuf.

Vanquished Creatures
  An adder (D:3)
  2 dart slugs (D:1)
  A ribbon worm (D:2)
  3 endoplasms
  2 giant cockroaches
  4 goblins
  5 hobgoblins
  2 kobolds (D:1)
  A quokka (D:1)
  5 ball pythons
  2 bats (D:2)
  4 frilled lizards (D:1)
  5 rats
37 creatures vanquished.

Notes
Turn   | Place    | Note
-------+----------+-------------------------------------------
     0 | D:5      | Daunt the Human Delver began the quest for the Orb.
     0 | D:5      | Reached XP level 1. HP: 18/18 MP: 1/1
    72 | D:3      | Reached XP level 2. HP: 20/24 MP: 2/2
   377 | D:1      | Reached XP level 3. HP: 17/29 MP: 3/3
  1175 | D:2      | Found a runed translucent door.
  1176 | D:2      | Noticed Crazy Yiuf
  1185 | D:2      | HP: 1/29 [Crazy Yiuf/+4 quarterstaff of chaos (16)]
  1185 | D:2      | Slain by Crazy Yiuf

Illustrated notes

Levels and vault maps discovered:
D:1:      dpeg_arrival_arbitrary_a, layout_basic
D:2:      layout_loops_ring, uniq_crazy_yiuf_cottage
D:3:      layout_loops_ring, ebering_ecumenical_altar_rust
D:4:      layout_basic, nicolae_qazlal_eye_of_the_storm, minitemple,
          minmay_temple_entry_glass, dilly_guarded_unrand_throatcut
D:5:      layout_loops_cross, gammafunk_ghost_split

Skill      XL: |  1  2  3 |
---------------+----------+-----
Long Blades    | 3 4 |  4.0
Fighting       | |  3.0
Dodging        | |  2.0
Stealth        | |  5.0

Action                     || total
---------------------------++-------
  Melee: Falchion          ||   105
   Stab: Sleeping          ||    11
 Armour: Leather armour    ||    61
  Dodge: Dodged            ||    66
